 Dungeon Crawl Stone Soup version 0.30-a0-23-ge60ba3568b (webtiles) character file.

Game seed: 3064142892558775588

1467 Newt the Skirmisher (level 9, 0/48 HPs)
             Began as a Kobold Hunter on Aug 24, 2022.
             Was an Initiate of Hepliaklqana.
             Slain by Duvessa
             ... wielding a +0 rapier
              (14 damage)
             ... on level 5 of the Dungeon.
             The game lasted 00:09:14 (5379 turns).

Newt the Skirmisher (Kobold Hunter)                 Turns: 5379, Time: 00:09:14

Health: 0/48       AC:  6    Str:  8    XL:     9   Next: 6%
Magic:  5/16       EV: 16    Int: 10    God:    Hepliaklqana [......]
Gold:   301        SH:  0    Dex: 29    Spells: 13/18 levels left

rFire   . . .      SeeInvis .    a - +1 shortbow
rCold   . . .      Faith    .    (shield currently unavailable)
rNeg    + . .      Spirit   .    p - +2 robe "Nowuenem" {Harm rN+ Regen+}
rPois   .          Reflect  .    (no helmet)
rElec   .          Harm     +    g - +0 cloak
rCorr   .          Rampage  .    q - +0 pair of gloves
Will    .....                    (no boots)
Stlth   ++++......               (no amulet)
HPRegen 0.96/turn                r - +6 ring of dexterity
MPRegen 0.15/turn                i - ring of flight

@: on blink cooldown, flying, studying Summonings
A: small, no large weapons, nightstalker 3
a: Renounce Religion


You were on level 5 of the Dungeon.
You worshipped Hepliaklqana.
Hepliaklqana was noncommittal.
You visited 2 branches of the dungeon, and saw 6 of its levels.

You collected 301 gold pieces.

Inventory:

Hand Weapons
 a - a +1 shortbow (weapon)
 h - a +0 sling
Armour
 c - a +0 leather armour
 d - a +0 leather armour of cold resistance
 g - a +0 cloak (worn)
 p - the +2 robe "Nowuenem" (worn) {Harm rN+ Regen+}
   (You found it on level 2 of the Dungeon)

   rN:        It protects you from negative energy.
   Regen:     It increases your rate of health regeneration.
   Harm:      It increases damage dealt and taken.
 q - a +0 pair of gloves (worn)
 s - a +0 buckler
 B - a +2 kite shield
 C - a +4 ring mail
Jewellery
 i - a ring of flight (right hand)
 o - a +6 ring of intelligence
 r - a +6 ring of dexterity (left hand)
 y - a +6 ring of strength
Wands
 t - a wand of mindburst (16)
Scrolls
 b - 2 scrolls of immolation
 m - 2 scrolls of silence
 n - 3 scrolls of magic mapping
 u - a scroll of fear
 z - a scroll of blinking {unknown}
 D - a scroll of identify
 E - a scroll of summoning {unknown}
 F - a scroll of vulnerability {unknown}
Potions
 e - a potion of flight
 f - 2 potions of mutation
 j - 2 potions of haste {unknown}
 k - a potion of cancellation
 l - 2 potions of ambrosia
 v - a potion of might {unknown}
 w - a potion of curing {unknown}
 x - a potion of degeneration {unknown}
 A - a potion of magic {unknown}


   Skills:
 - Level 2.1 Fighting
 - Level 8.0 Ranged Weapons
 - Level 2.4 Dodging
 - Level 3.0 Stealth
 - Level 5.0 Spellcasting
 - Level 5.0 Hexes
 + Level 3.4 Summonings
 - Level 5.0 Translocations


You had 13 spell levels left.
You knew the following spells:

 Your Spells              Type           Power      Damage    Failure   Level
a - Blink                 Tloc           24%        N/A       4%          2
b - Portal Projectile     Hex/Tloc       24%        N/A       9%          3

Your spell library contained the following spells:

 Spells                   Type           Power      Damage    Failure   Level
 Lesser Beckoning         Tloc           12%        N/A       9%          3
 Call Canine Familiar     Summ           9%         N/A       17%         3
 Magic Dart               Conj           8%         1d3       22%         1
 Searing Ray              Conj           4%         2d4       34%         2
 Stone Arrow              Conj/Erth      4%         3d7       56%         3
 Fulminant Prism          Conj/Hex       3%         3d6       63%         4
 Leda's Liquefaction      Hex/Erth       3%         N/A       63%         4
 Manifold Assault         Tloc           12%        N/A       63%         5
 Animate Armour           Summ/Erth      10%        N/A       75%         4
 Corpse Rot               Necr/Pois/Air  2%         N/A       92%         4
 Dispel Undead            Necr           2%         3d7       92%         4
 Death Channel            Necr           1%         N/A       100%        6
 Lehudib's Crystal Spear  Conj/Erth      1%         10d2      100%        8


Dungeon Overview and Level Annotations

Branches:
Dungeon (5/15)             Temple (1/1) D:5

Altars:
Ashenzari
Cheibriados
Dithmenos
Elyvilon
Fedhas
Hepliaklqana
Kikubaaqudgha
Nemelex Xobeh
Okawaru
Qazlal
Ru
Sif Muna
Trog
Uskayaw
Vehumet
Wu Jian
Xom
Yredelemnul
Zin
The Shining One

Shops:
D:5 =

Annotations:
D:5 Duvessa


Innate Abilities, Weirdness & Mutations

You are small and have problems with some larger weapons.
You are completely attuned to the shadows.


Message History

Duvessa hits you with a +0 rapier!
Fire: a) +1 shortbow
Press: ? - help, Shift-Dir - straight line, f/p - Duvessa
Aim: Duvessa, wielding a +0 rapier, wearing a +3 leather armour of willpower and carrying a wand of polymorph (7) (severely wounded, 74% to hit)
You shoot an arrow.
The arrow hits Duvessa but does no damage.
Duvessa is severely wounded.
Duvessa zaps a wand.
You easily resist.
Casting: Portal Projectile (dangerous; 9% risk of failure)
Confirm with . or Enter, or press ? or * to list all spells.
You blink.
Unknown command.
Fire: a) +1 shortbow
Press: ? - help, Shift-Dir - straight line, f/p - Duvessa
Aim: Duvessa, wielding a +0 rapier, wearing a +3 leather armour of willpower and carrying a wand of polymorph (6) (translocational energy, severely wounded, 74% to hit)
You shoot an arrow.
The arrow hits Duvessa but does no damage.
Duvessa is severely wounded.
Dowan barely misses you.
Fire: a) +1 shortbow
Press: ? - help, Shift-Dir - straight line, f/p - Duvessa
Aim: Duvessa, wielding a +0 rapier, wearing a +3 leather armour of willpower and carrying a wand of polymorph (6) (severely wounded, 74% to hit)
You shoot an arrow. The arrow hits Duvessa!
Duvessa is almost dead.
Duvessa hits you with a +0 rapier! Dowan completely misses you.
Fire: a) +1 shortbow
Press: ? - help, Shift-Dir - straight line, f - Dowan, p - Duvessa
Aim: Dowan, wielding a +0 dagger and wearing a +0 robe (heavily wounded, 64% to hit)
You shoot an arrow. The arrow closely misses Dowan.
Duvessa zaps a wand.
You easily resist.
Dowan hits you with a +0 dagger.
* * * LOW HITPOINT WARNING * * *
Aiming: Mindburst
Press: ? - help, Q - select action, (/) - cycle Shift-Dir - straight line, f/p - Dowan
Aim: Dowan, wielding a +0 dagger and wearing a +0 robe (heavily wounded, chance to affect: 64%) Dowan's mind is blasted!
You blow up Dowan!
Duvessa screams in rage.
Duvessa goes berserk!
Duvessa hits you with a +0 rapier!
You die...

#.#.........##
#...#.#.#.#..#
##.....)......
##...#.#...#
#.>.......#
##.####..##
###.####..###.##
#####).............##.
#...e@#.####..##...##.
#.#####.####..##.#.##.
#ยง# #.##....##.#.##.
#.# #.##.##.........
#.# #. #..#...... #.#
# ........... #.#
+++######... #.# #.[.
#e# #...


You could see Duvessa (berserk).

Vanquished Creatures
  A black bear (D:4)
  An ice beast (D:5)
  2 phantoms
  Blork the orc (D:5)
  2 gnoll sergeants (D:5)
  3 scorpions
  A water moccasin zombie (D:4)
  A water moccasin skeleton (D:4)
  Dowan (D:5)
  A hound (D:4)
  A bullfrog zombie (D:4)
  2 jellies
  2 gnoll boudas
  An orc priest (D:3)
  5 orc wizards
  An iguana (D:5)
  A scorpion zombie (D:4)
  A hound zombie (D:4)
  A hound skeleton (D:4)
  3 adders
  12 gnolls
  A howler monkey skeleton (D:4)
  An ufetubus (D:5)
  An adder zombie (D:4)
  An adder skeleton (D:4)
  2 worms (D:2)
  The ghost of gdog the Covert, a weakling GnDe (D:5)
  A dart slug (D:4)
  17 orcs
  7 ball pythons
  4 endoplasms
  3 giant cockroaches
  7 goblins
  5 hobgoblins
  4 jackals
  3 quokkas
  2 frilled lizards
  A jackal zombie (D:4)
  2 kobolds
  A quokka zombie (D:4)
  9 rats
117 creatures vanquished.

Vanquished Creatures (others)
  12 fungi (D:5)
  2 plants (D:5)
  4 withered plants (D:4)
18 creatures vanquished.

Grand Total: 135 creatures vanquished

Notes
Turn   | Place    | Note
-------+----------+-------------------------------------------
     0 | D:1      | Newt the Kobold Hunter began the quest for the Orb.
     0 | D:1      | Reached XP level 1. HP: 12/12 MP: 1/1
   550 | D:1      | Reached XP level 2. HP: 17/17 MP: 2/2
  1366 | D:2      | Reached XP level 3. HP: 16/21 MP: 3/3
  1465 | D:2      | Found a faded altar of an unknown god.
  1511 | D:2      | Reached skill level 6 in Ranged Weapons
  1842 | D:2      | Noticed a phantom
  1852 | D:2      | Killed a phantom
  1853 | D:2      | Reached skill level 7 in Ranged Weapons
  1853 | D:2      | Reached XP level 4. HP: 15/26 MP: 4/4
  1853 | D:2      | Reached XP level 5. HP: 17/30 MP: 5/5
  2019 | D:2      | Identified the +2 robe "Nowuenem" {Harm rN+ Regen+}
  2669 | D:3      | Reached skill level 8 in Ranged Weapons
  2722 | D:3      | Reached XP level 6. HP: 35/35 MP: 6/6
  3379 | D:4      | Reached XP level 7. HP: 31/40 MP: 7/7
  3427 | D:4      | Reached skill level 5 in Translocations
  3427 | D:4      | Reached skill level 1 in Spellcasting
  3647 | D:4      | Learned a level 2 spell: Blink
  3651 | D:4      | Learned a level 3 spell: Portal Projectile
  3819 | D:4      | Reached XP level 8. HP: 38/44 MP: 13/13
  3940 | D:4      | Reached skill level 5 in Spellcasting
  3940 | D:4      | Reached skill level 1 in Hexes
  4114 | D:4      | Found a broken altar of Ashenzari.
  4117 | D:4      | Found a snail-covered altar of Cheibriados.
  4118 | D:4      | Found an iron altar of Okawaru.
  4440 | D:5      | Entered Level 5 of the Dungeon
  4528 | D:5      | Found a staircase to the Ecumenical Temple.
  4538 | Temple   | Entered the Ecumenical Temple
  4744 | Temple   | Became a worshipper of Hepliaklqana the Forgotten
  4893 | D:5      | Found a transporter.
  4912 | D:5      | Found a transporter.
  4947 | D:5      | Noticed gdog's ghost (weakling GnDe)
  4989 | D:5      | Killed gdog's ghost
  5166 | D:5      | Reached skill level 5 in Hexes
  5166 | D:5      | Reached skill level 1 in Summonings
  5220 | D:5      | Found Xaumpuot's Jewellery Shop.
  5225 | D:5      | Noticed Blork the orc
  5233 | D:5      | Killed Blork the orc
  5234 | D:5      | Reached XP level 9. HP: 40/48 MP: 16/16
  5315 | D:5      | Noticed Duvessa
  5316 | D:5      | Noticed Dowan
  5379 | D:5      | Killed Dowan
  5379 | D:5      | Slain by Duvessa

Illustrated notes

Levels and vault maps discovered:
D:1:      sevenhm_arrival_forest_fort_small_6, layout_basic
D:2:      layout_rooms, ebering_ecumenical_altar_mist, serial_rivers,
          chequers_serial_rivers_room_a, chequers_serial_rivers_small_b,
          chequers_serial_rivers_micro_d, chequers_serial_rivers_room_a,
          chequers_serial_rivers_small_3, chequers_serial_rivers_large_b
D:3:      layout_basic, guppyfry_early_orc_mine
D:4:      layout_basic, gammafunk_temple_overflow_forgotten, serial_undead,
          serial_undead_b, serial_undead_a, serial_undead_c, serial_undead_d,
          st_stairs_10, minmay_box_of_dots
D:5:      layout_loops_ring, mainiacjoe_overflow_big_doors, temple_green,
          gammafunk_ghost_gnarly_gnolls, serial_shops, kennysheep_mini_moat,
          st_stairs_2, minmay_crystal_water, dreamdust_mushroom_princess,
          uniq_blork_the_orc, uniq_duvessa
Temple:   nicolae_temple_bog_church

Skill      XL: |  1  2  3  4  5  6  7  8  9 |
---------------+----------------------------+-----
Stealth        | 2 3 |  3.0
Ranged Weapons | 7 8 |  8.0
Translocations | 2 4 5 |  5.0
Spellcasting   | 3 5 |  5.0
Hexes          | 5 |  5.0
Summonings     | 2 3 |  3.4
Fighting       | |  2.1
Dodging        | |  2.4

Action                   |  1- 3 |  4- 6 |  7- 9 || total
-------------------------+-------+-------+-------++-------
 Fire: Shortbow          |    73 |   101 |   223 ||   397
 Cast: Portal Projectile |       |       |     5 ||     5
       Blink             |       |       |     2 ||     2
Evoke: Wand              |       |       |     2 ||     2
  Use: Scroll            |       |     8 |     4 ||    12
       Potion            |       |       |     2 ||     2
Armor: Leather armour    |     9 |       |       ||     9
       Robe              |       |     8 |    26 ||    34
Dodge: Dodged            |    17 |    49 |   117 ||   183

Table legend: (Time is in decaauts)
 A = Elapsed time spent in this place.
 B = Non-inter-level travel time spent in this place.
 C = Inter-level travel time spent in this place.
 D = Time resting spent in this place.
 E = Time spent auto-exploring this place.
 F = Levels seen in this place.
 G = Mean time per level.
                   A        B        C        D        E       F      G
               +--------+--------+--------+--------+--------+-----+--------+
         Total |   5467 |   5351 |    116 |    294 |   4181 |   6 |  911.2 |
       Dungeon |   5255 |   5153 |    102 |    294 |   3999 |   5 | 1051.0 |
        Temple |    212 |    198 |     14 |      0 |    182 |   1 |  212.0 |
               +--------+--------+--------+--------+--------+-----+--------+

Top non-repeatable levels by time:
     D:2: 1195 daAuts
     D:1: 1193 daAuts
     D:4: 1162 daAuts
     D:3: 977 daAuts
     D:5: 726 daAuts
  Temple: 212 daAuts
